Description

All credits to Railgan.

VOD

https://www.youtube.com/watch?v=g5rjXNUVPj4

Build Order

Get SALT Encoding   

  13  0:13   Overlord  
  17  0:54  Hatchery  
  18  1:12  Extractor  
  17  1:15  Spawning Pool  
  19  1:41  Overlord  
  19  1:52   Drone  
  20  2:01  Queen  
  22  2:02   Zergling  
  23  2:06  Queen  
  27  2:18   Metabolic Boost  
  30  2:40  Queen x2  
  44  3:30  Extractor, Evolution Chamber, Lair  
    3:40  Extractor x2  
    4:00  Zerg Melee Weapons Level 1, Hatchery  
    4:30  Infestation Pit  
    5:10  Pathogen Glands  
    6:00+  Burrow, Baneling Nest  @4:00 vs Adepts, after lair vs else
    6:05+  Evolution Chamber, Neural Parasite  2nd Evo, Melee/Ranged, Ranged/Carapace vs air
    6:10+  Centrifical Hooks, Pneumatized Carapace  
Spawning Tool Build Advisor. Get it on Overwolf

Go to:

Details

  • Created by: Hexayum
  • Published on: Mar 25, 2017
  • Modified on: Mar 25, 2017
  • Patch: 3.8.0
Show
View Real Time Build Order
Export as new Build Order

Comments (0)

There are no comments. Be the first!

Create an account to comment!